 Dungeon Crawl Stone Soup version 0.31-a0-178-g96ec847f19 (webtiles) character file.

Game seed: 9782284649745594615

49 qw the Chopper (level 3, -5/23 HPs)
             Began as a Gargoyle Fighter on June 18, 2023.
             Slain by Terence
             ... wielding a +2 flail of draining
              (6 damage)
             ... on level 2 of the Dungeon.
             The game lasted 00:00:52 (2048 turns).

qw the Chopper (Gargoyle Fighter)                   Turns: 2048, Time: 00:00:52

Health: -5/23      AC: 10    Str: 21    XL:     3   Next: 75%
Magic:  3/3        EV:  9    Int:  8    God:
Gold:   57         SH:  4    Dex:  9    Spells: 2/2 levels left

rFire   . . .        Y - +0 war axe
rCold   . . .        c - +0 buckler
rNeg    + . .        b - +0 scale mail
rPois   inf          (no helmet)
rElec   +            (no cloak)
rCorr   +            (no gloves)
SInv    .            (no boots)
Will    .....        (no amulet) Stlth
                     m - ring of resist corrosion
HPRegen 0.23/turn    (no ring)
MPRegen 0.08/turn

%: no passive effects
@: about to teleport
A: sickness immunity, AC +3, negative energy resistance 1, electricity
resistance, torment resistance 1, petrification resistance
a: no special abilities


You were on level 2 of the Dungeon.
You visited 1 branch of the dungeon, and saw 2 of its levels.

You collected 57 gold pieces.


Innate Abilities, Weirdness & Mutations

You are immune to sickness and miasma.
Your stone body is resilient. (AC +3)
You are immune to poison.
You resist negative energy. (rN+)
You are resistant to electric shocks. (rElec)
You are resistant to unholy torment.
You are immune to petrification.


   Skills:
 - Level 3.2 Fighting
 + Level 3.5 Axes
 - Level 0.3 Throwing
 - Level 3.2 Armour
 - Level 3.2 Shields


You had 2 spell levels left.
You didn't know any spells.
Your spell library was empty.

Inventory:

Hand Weapons
 i - a +0 club
 Y - a +0 war axe (weapon)
Armour
 b - a +0 scale mail (worn)
 c - a +0 buckler (worn)
 n - a +0 pair of gloves
 r - a +0 helmet
Jewellery
 f - an amulet of guardian spirit
 m - a ring of resist corrosion (left hand)
Scrolls
 a - a scroll of identify {unknown}
 j - 4 scrolls of teleportation
 p - a scroll of noise {unknown}
Potions
 d - a potion of might
 e - a potion of curing {unknown}
 g - 2 potions of attraction {unknown}
 h - a potion of lignification {unknown}
 k - a potion of ambrosia {unknown}
 l - a potion of enlightenment {unknown}
 o - a potion of mutation {unknown}

Dungeon Overview and Level Annotations

Branches:
Dungeon (2/15)

Altars:

Annotations:
D:2 Terence


Message History

Enter note:
Enter note:
Enter note:
Enter note: You throw a javelin.
The javelin closely misses the goblin.
Terence the Incautious comes into view.
He is wielding a +2 flail of draining.
You throw a javelin. The javelin closely misses the goblin.
Terence shouts!
You hear a shout!
A kobold comes into view. It is wielding a +0 whip.
You closely miss the goblin.
The goblin hits you but does no damage. x2
You hit Terence.
Terence is lightly wounded.
You slash the goblin!
You kill the goblin!
Terence hits you with a +2 flail of draining!
You closely miss Terence.
Terence is lightly wounded.
You slash the kobold!
You kill the kobold!
Terence hits you with a +2 flail of draining!
You hit Terence but do no damage.
Terence is lightly wounded.
You block Terence's attack. Terence hits you but does no damage.
You closely miss Terence.
Terence is lightly wounded.
Terence barely misses you.
You slash Terence!
Terence is heavily wounded.
Terence hits you with a +2 flail of draining.
Terence closely misses you.
2047 ||| READING 5 scrolls of teleportation.
As you read the scroll of teleportation, it crumbles to dust.
You feel strangely unstable.
Terence hits you with a +2 flail of draining.
You hit Terence but do no damage.
Terence is heavily wounded.
Terence hits you with a +2 flail of draining.
You die...

...'..# ........# #.
####..# ..?........# #.
#..# .....?.....# #.
#..# ..~~~~~....# #.
#..# ....~(.....# #.
#..# ....~(.....### ##
#### ~~~~8~~~~..'.##
....~.....%#..#
(...~()@...##.#
(.~~~~~@...##.##########
...........#............
...........#############
...........#
############## #.# #.#
#.#


You could see Terence.

Vanquished Creatures
  A worm (D:2)
  A dart slug (D:1)
  6 bats
  3 endoplasms
  A giant cockroach (D:2)
  4 goblins
  6 hobgoblins
  A jackal (D:1)
  6 kobolds
  4 quokkas
  A ball python (D:1)
  2 frilled lizards (D:1)
  2 rats
38 creatures vanquished.

Notes
Turn   | Place    | Note
-------+----------+-------------------------------------------
     0 | D:1      | qw the Gargoyle Fighter began the quest for the Orb.
     0 | D:1      | Reached XP level 1. HP: 14/14 MP: 1/1
     0 | D:1      | 0 ||| qw: Version: 0.3-a-7-ge0c9b40
     0 | D:1      | 0 ||| qw: Game counter: 861
     0 | D:1      | 0 ||| qw: Always use a shield: true
     0 | D:1      | 0 ||| qw: God list: Okawaru
     0 | D:1      | 0 ||| qw: Allow faded altars: false
     0 | D:1      | 0 ||| qw: Do Orc after D:15 true
     0 | D:1      | 0 ||| qw: Do second Lair branch before Depths: true
     0 | D:1      | 0 ||| qw: Lair rune preference: random
     0 | D:1      | 0 ||| qw: Plans: Normal, Zot:1-4, Slime:5, God:TSO, Crypt,
                  | Tomb, Abyss, Pan, Hells, Win
     0 | D:1      | 0 ||| PLANNING D:1-11
   124 | D:1      | 124 ||| Stepping ~*~*~tactically~*~*~ (hiding).
   148 | D:1      | Reached XP level 2. HP: 19/19 MP: 2/2
   151 | D:1      | 151 ||| Stepping ~*~*~tactically~*~*~ (stealth).
   178 | D:1      | 178 ||| FLEEEEING.
   179 | D:1      | 179 ||| FLEEEEING.
   182 | D:1      | 182 ||| FLEEEEING.
   336 | D:1      | 336 ||| Stepping ~*~*~tactically~*~*~ (hiding).
   457 | D:1      | 457 ||| Stepping ~*~*~tactically~*~*~ (hiding).
   458 | D:1      | 458 ||| Stepping ~*~*~tactically~*~*~ (hiding).
   465 | D:1      | Reached skill level 3 in Axes
   548 | D:1      | 548 ||| Stepping ~*~*~tactically~*~*~ (stealth).
   549 | D:1      | 549 ||| Stepping ~*~*~tactically~*~*~ (stealth).
   555 | D:1      | Reached XP level 3. HP: 23/23 MP: 3/3
   557 | D:1      | 557 ||| Stepping ~*~*~tactically~*~*~ (stealth).
   558 | D:1      | 558 ||| Stepping ~*~*~tactically~*~*~ (stealth).
  1098 | D:1      | 1098 ||| UPGRADING to ring of resist corrosion.
  1099 | D:1      | 1099 ||| READING scroll labelled ELOKKY AB SOC.
  1100 | D:1      | 1100 ||| READING scroll labelled NOUMMUKIEL.
  1101 | D:1      | 1101 ||| READING 2 scrolls labelled ISYMOX DUXT.
  1105 | D:1      | 1105 ||| READING 4 scrolls labelled TALYOCVE FOHEL.
  1106 | D:1      | 1106 ||| DROPPING 3 scrolls of immolation.
  2026 | D:2      | 2026 ||| Stepping ~*~*~tactically~*~*~ (stealth).
  2035 | D:2      | Noticed Terence
  2046 | D:2      | HP: 3/23 [Terence/+2 flail of draining (4)]
  2047 | D:2      | 2047 ||| READING 5 scrolls of teleportation.
  2047 | D:2      | HP: 1/23 [Terence/+2 flail of draining (3)]
  2048 | D:2      | Slain by Terence

Levels and vault maps discovered:
D:1:      roderic_octagonal_star, layout_basic, nrook_uturn, minmay_heptomino_w4
D:2:      layout_basic, kennysheep_generic_room_16, uniq_terence

Skill      XL: |  1  2 |
---------------+-------+-----
Axes           | 2 3 |  3.5
Fighting       | |  3.2
Throwing       | |  0.3
Armour         | |  3.2
Shields        | |  3.2

Action                     || total
---------------------------++-------
  Melee: War axe           ||   125
  Throw: Javelin           ||     5
    Use: Scroll            ||     5
 Armour: Scale mail        ||    57
  Dodge: Dodged            ||    53
  Block: Buckler           ||    29

Table legend:
 A = Non-vault XP
 B = Vault XP
 C = Vault XP percentage of total XP
 D = Non-vault monster count
 E = Vault monster count
 F = Vault count percentage of total count
                 A         B        C        D         E       F
            +---------+---------+-------+---------+---------+-------
      Total |      48 |      22 |  31.4 |      28 |      10 |  26.3
            +---------+---------+-------+---------+---------+-------
        D:1 |      27 |      16 |  37.2 |      15 |       9 |  37.5
        D:2 |      21 |       6 |  22.2 |      13 |       1 |   7.1
            +---------+---------+-------+---------+---------+-------
